 Dungeon Crawl Stone Soup version 0.14.1-21-g36cd379 (webtiles) character file.

329 Iskender the Scratcher (level 5, 0/24 HPs)
             Began as a Felid Chaos Knight on June 7, 2014.
             Was a Plaything of Xom.
             Slain by a mummy (16 damage)
             ... in an ossuary.
             The game lasted 00:28:37 (3821 turns).

Iskender the Scratcher (Felid Chaos Knight)         Turns: 3821, Time: 00:28:37

HP   0/24        AC  2     Str  8      XL: 5   Next: 50%
MP   8/8         EV 18     Int 15      God: Xom
Gold 128         SH  0     Dex 17      Spells:  1 memorised,  3 levels left
Lives: 0, deaths: 1

rFire  + . .     SeeInvis +       - Unarmed
rCold  . . .     Clarity  .     (armour unavailable)
rNeg   . . .     Conserve .     (shield unavailable)
rPois  .         rCorr    .     (helmet unavailable)
rElec  .         rRot     .     (cloak unavailable)
SustAb . .       Spirit   .     (gloves unavailable)
rMut   .         Warding  .     (boots unavailable)
Saprov . . .     Stasis   .     (no amulet)
MR     .....                    (no ring)
                                (no ring)

@: quick, not resistant to hostile enchantments, quite stealthy
A: paw claws, no armour, no weapons or thrown items, fangs 3, rugged brown
scales 1, see invisible, blink 1, carnivore 3, clever 1, fire resistance 1,
speed 1, shaggy fur 1, slow metabolism 1, jump 1
a: Jump Attack, Blink, Renounce Religion


You were in an ossuary.
You worshipped Xom.
You were Xom's teddy bear.
You were not hungry.

You visited 1 branch of the dungeon, and saw 5 of its levels.
You also visited: Ossuary.

You collected 128 gold pieces.

Inventory:

Missiles
 g - 37 stones
 l - 3 exploding darts
Comestibles
 c - 3 meat rations
 r - a bread ration
 w - a pear
 x - 3 chokos
 B - 15 sultanas
Scrolls
 d - a scroll of random uselessness {unknown}
 e - a scroll of remove curse
 f - 4 scrolls of identify
 k - a scroll of enchant weapon II {unknown}
 m - a scroll of teleportation
 n - a scroll of fear {unknown}
 o - a scroll of amnesia
 q - a scroll of enchant weapon I {unknown}
Potions
 a - a potion of invisibility
 b - 2 potions of degeneration {unknown}
 i - 3 potions of might {unknown}
 j - a potion of curing
 p - a potion of haste
 s - a potion of lignification {unknown}
 u - a potion of paralysis {unknown}
 v - a potion of restore abilities {unknown}
Books
 t - a book of Beasts

   Spells                             Type                      Level
   *Summon Butterflies                Summoning                    1
   Call Canine Familiar               Summoning                    3
   Summon Ice Beast                   Ice/Summoning                4
   Summon Mana Viper                  Hexes/Summoning              5
   Monstrous Menagerie                Summoning                    6
   Summon Hydra                       Summoning                    7


   Skills:
 - Level 3.0 Fighting
 + Level 3.2 Dodging
 - Level 4.3 Stealth
 - Level 6.0 Unarmed Combat
 - Level 1.0 Summonings


You had 3 spell levels left.
You knew the following spells:

 Your Spells              Type           Power        Failure   Level  Hunger
R - Summon Butterflies    Summ           #.......     17%         1    ##.....


Dungeon Overview and Level Annotations

Branches:
Dungeon (5/15)
 Temple: D:4-7

Altars:

Annotations:
D:4 Eustachio


Innate Abilities, Weirdness & Mutations

You cannot wear armour.
You are incapable of wielding weapons or throwing items.
Your paws have sharp claws.
You have razor-sharp teeth.
You have supernaturally acute eyesight.
You are carnivorous and can eat meat at any time.
You cover ground quickly.
You are covered in fur (AC +1).
You have a slow metabolism.
You can jump attack at a short distance.
You are partially covered in rugged brown scales (AC +1, +3% HP).
You can translocate small distances at will.
Your mind is acute. (Int +2)
Your flesh is heat resistant.


Message History

The mummy hits you.
You claw the mummy!
The mummy is severely damaged.
You scratch the mummy.
You destroy the mummy!
You feel nervous for a moment...
Your Unarmed Combat skill increases to level 6!
You close the door.
You start resting.
Something unseen opens the door.
You start resting.
A mummy comes into view.
You barely miss the mummy. You barely miss the mummy. You scratch the mummy.
You bite the mummy.
The mummy is heavily damaged.
The mummy hits you!
Ouch! That really hurt!
You die... "Boring in life, boring in death..."

## +#≈##
.≈n≈
#####≈≈##
#..@#≈≈.#
#.∩.M.#
#∩..#.+
#####≈#
≈+ ≈# ≈+
≈# ≈≈


You could see a mummy.

Vanquished Creatures
  A bog body (Ossuary)
  An orc priest (D:5)
  A mummy (Ossuary)
  4 adders
  A white imp (D:5)
  A worm (D:2)
  A giant eyeball (D:4)
  3 giant geckos
  An ooze (D:4)
  6 orcs
  10 goblins
  11 hobgoblins
  8 jackals
  8 kobolds
  A quokka (D:3)
  10 bats
  2 giant cockroaches
  4 giant newts
  A goblin skeleton (D:4)
  7 rats
82 creatures vanquished.

Vanquished Creatures (collateral kills)
  A quasit (D:4)
  An orc priest (D:4)
  An orc wizard (D:4)
  A worker ant (D:3)
  An adder (D:4)
  A white imp (D:4)
  A worm (D:4)
  3 orcs
  A hobgoblin (D:4)
  2 rats (D:4)
13 creatures vanquished.

Vanquished Creatures (others)
  A mummy (D:5)
  A rat (D:4)
2 creatures vanquished.

Grand Total: 97 creatures vanquished

Notes
Turn   | Place    | Note
--------------------------------------------------------------
     0 | D:1      | Iskender, the Felid Chaos Knight, began the quest for the Orb.
     0 | D:1      | Reached XP level 1. HP: 10/10 MP: 2/2
    39 | D:1      | Reached skill level 1 in Stealth
    41 | D:1      | XOM: harmless Summ miscast
    87 | D:1      | XOM: divination: magic mapping
   128 | D:1      | XOM: harmless Necr miscast
   212 | D:1      | Reached XP level 2. HP: 8/14 MP: 3/3
   270 | D:1      | XOM: inner flame monster(s)
   527 | D:1      | XOM: god gift: 4 large rocks
   703 | D:1      | XOM: give mutations
   703 | D:1      | Gained mutation: Your mind is acute. (Int +2) [Xom's grace]
   703 | D:1      | Gained mutation: You can translocate small distances at will. [Xom's grace]
   703 | D:1      | Gained mutation: Your flesh is heat resistant. [Xom's grace]
   703 | D:1      | Gained mutation: You are partially covered in rugged brown scales (AC +1, +3% HP). [Xom's grace]
  1208 | D:2      | XOM: snakes to sticks
  1306 | D:2      | Reached XP level 3. HP: 15/17 MP: 5/5
  1579 | D:2      | XOM: polymorph adder -> jackal
  1707 | D:2      | XOM: inner flame monster(s)
  1833 | D:2      | Reached skill level 4 in Unarmed Combat
  1853 | D:2      | Learned a level 1 spell: Summon Butterflies
  1924 | D:3      | Reached XP level 4. HP: 21/21 MP: 7/7
  2373 | D:3      | Reached skill level 1 in Summonings
  2385 | D:3      | XOM: vitrification
  2785 | D:4      | Noticed Eustachio
  2861 | D:4      | XOM: inner flame monster(s)
  3289 | D:4      | XOM: vitrification
  3306 | D:4      | XOM: inner flame monster(s)
  3374 | D:4      | Reached XP level 5. HP: 16/24 MP: 8/8
  3389 | D:4      | XOM: summons 2 hostile demons
  3486 | D:3      | Reached skill level 5 in Unarmed Combat
  3613 | D:4      | XOM: potion effect (brilliance)
  3632 | D:5      | Entered Level 5 of the Dungeon
  3645 | D:5      | XOM: polymorph shadow imp -> white imp
  3671 | D:5      | Found a sand-covered staircase.
  3682 | D:5      | Slain by a mummy
  3683 | D:5      | Reached XP level 4. HP: 0/21 MP: 7/7
  3693 | D:5      | XOM: swap monsters
  3696 | D:5      | Reached XP level 5. HP: 24/24 MP: 8/8
  3733 | Ossuary  | Entered an ossuary
  3749 | Ossuary  | Reached skill level 6 in Unarmed Combat
  3821 | Ossuary  | Slain by a mummy

Action                   |  1- 3 |  4- 6 || total
-------------------------+-------+-------++-------
Melee: Unarmed           |   129 |   150 ||   279
  Use: Potion            |     1 |     1 ||     2
       Scroll            |     4 |     1 ||     5
 Stab: Sleeping          |     7 |     3 ||    10
       Confused          |       |     2 ||     2
       Distracted        |       |     1 ||     1
